[ PARTIDA AOE2 · #505161178 ]
UnrankedYurchen vs Bohemians
Equipo del jugador · VICT
Equipo rival · DERR
[ ANÁLISIS DE REPETICIÓN · EXTRAÍDO DE LA PARTIDA GRABADA ]
Feudal
10:25
Castillos
24:49
Imperial
41:09
| APM promedio | 24.0 |
| APM pico | 54 |
| eAPM promedio | 19.0 |
| Aldeanos / militares | 177 / 148 |
Foco
⚔️ 27.7% · 🌾 72.3%
Scout Cavalry ×115 · Bombard Cannon ×16 · Iron Pagoda ×8 · Scorpion ×5 · Trebuchet (Packed) ×3 · Monk ×1
Feudal
12:48
Castillos
19:08
Imperial
37:02
| APM promedio | 29.6 |
| APM pico | 76 |
| eAPM promedio | 21.1 |
| Aldeanos / militares | 129 / 85 |
Foco
⚔️ 28.3% · 🌾 71.7%
Spearman ×46 · Monk ×16 · Bombard Cannon ×10 · Hussite Wagon ×5 · Militia ×4 · Mangonel ×3
Mapa de la partida
Recursos iniciales + cada clic de construcción. Líneas = muros · curvas = relieve. ◆ oro · ⬟ piedra · ● bayas · ✦ reliquia · ◌ hueco del cierre
Tu base· ✓ Cerrada en 24:49 · 36t muro · 1 puerta(s)
Base de Banana Latte· ✓ Cerrada en 19:08 · 38t muro · sin puerta
Terreno inicial suavizado · ◌ = hueco del cierre detectado · pasá el cursor para detalles
Inputs por minuto
— Joltzjoltz - - Banana Latte
Build order — Joltzjoltz
Primeras 150 de 406 acciones detectadas
| 0:00 | Encolar | Villager (Male) |
| 0:01 | Encolar | Villager (Male) |
| 0:01 | Encolar | Villager (Male) |
| 0:02 | Construir | House |
| 0:04 | Construir | House |
| 0:23 | Encolar | Villager (Male) |
| 1:38 | Encolar | Villager (Male) |
| 1:38 | Encolar | Villager (Male) |
| 1:50 | Construir | Lumber Camp |
| 2:05 | Encolar | Villager (Male) |
| 2:47 | Encolar | Villager (Male) |
| 3:08 | Investigar | Loom |
| 3:19 | Construir | Palisade Wall |
| 3:25 | Encolar | Villager (Male) |
| 3:38 | Construir | House |
| 4:00 | Encolar | Villager (Male) |
| 4:37 | Encolar | Villager (Male) |
| 4:38 | Encolar | Villager (Male) |
| 4:38 | Encolar | Villager (Male) |
| 5:28 | Construir | Mill |
| 5:37 | Encolar | Villager (Male) |
| 5:38 | Encolar | Villager (Male) |
| 5:57 | Construir | Palisade Wall |
| 6:27 | Construir | House |
| 6:44 | Construir | Palisade Wall |
| 7:13 | Encolar | Villager (Male) |
| 7:13 | Encolar | Villager (Male) |
| 7:14 | Encolar | Villager (Male) |
| 8:15 | Investigar | Feudal Age |
| 8:21 | Construir | House |
| 8:23 | Construir | House |
| 8:27 | Construir | House |
| 8:32 | Construir | House |
| 8:51 | Encolar | Villager (Male) |
| 9:00 | Construir | Mining Camp |
| 9:14 | Construir | House |
| 10:04 | Construir | Mill |
| 10:25 | Edad | Edad Feudal |
| 10:26 | Construir | Watch Tower |
| 10:34 | Encolar | Villager (Male) |
| 10:46 | Encolar | Villager (Male) |
| 10:56 | Investigar | Double-Bit Axe |
| 10:57 | Encolar | Villager (Male) |
| 11:24 | Construir | Palisade Wall |
| 11:25 | Construir | Palisade Wall |
| 11:27 | Construir | Palisade Wall |
| 11:28 | Construir | Palisade Wall |
| 11:35 | Encolar | Villager (Male) |
| 12:07 | Encolar | Villager (Male) |
| 12:14 | Construir | Barracks |
| 12:39 | Construir | Farm |
| 12:59 | Encolar | Villager (Male) ×5 |
| 13:04 | Construir | Lumber Camp |
| 13:37 | Construir | Stable |
| 13:53 | Encolar | Villager (Male) |
| 14:18 | Encolar | Villager (Male) |
| 14:20 | Construir | Farm |
| 14:21 | Construir | Farm |
| 14:28 | Construir | Farm |
| 14:28 | Construir | Farm |
| 14:46 | Construir | Palisade Gate |
| 14:55 | Investigar | Wheelbarrow |
| 14:58 | Construir | Farm |
| 15:00 | Encolar | Villager (Male) |
| 15:03 | Investigar | Horse Collar |
| 15:19 | Encolar | Scout Cavalry |
| 15:19 | Encolar | Scout Cavalry |
| 15:39 | Construir | Farm |
| 15:39 | Construir | Farm |
| 16:03 | Construir | Blacksmith |
| 16:17 | Construir | Farm |
| 16:17 | Construir | Farm |
| 16:19 | Encolar | Villager (Male) |
| 16:20 | Encolar | Villager (Male) |
| 16:28 | Construir | Farm |
| 16:36 | Investigar | Bloodlines |
| 16:40 | Encolar | Scout Cavalry |
| 16:57 | Encolar | Villager (Male) |
| 17:09 | Encolar | Villager (Male) |
| 17:15 | Construir | House |
| 17:16 | Construir | House |
| 17:18 | Construir | House |
| 17:21 | Construir | Farm |
| 17:23 | Encolar | Villager (Male) |
| 17:39 | Construir | Mill |
| 17:49 | Encolar | Villager (Male) |
| 17:51 | Encolar | Scout Cavalry |
| 18:13 | Investigar | Forging |
| 18:24 | Encolar | Scout Cavalry |
| 18:28 | Encolar | Villager (Male) |
| 18:32 | Construir | Farm |
| 18:32 | Construir | Farm |
| 18:33 | Construir | Farm |
| 18:33 | Construir | Farm |
| 18:33 | Construir | Farm |
| 18:56 | Encolar | Scout Cavalry |
| 19:01 | Construir | Farm |
| 19:01 | Construir | Farm |
| 19:24 | Construir | Mining Camp |
| 19:39 | Encolar | Villager (Male) ×4 |
| 19:46 | Construir | Market |
| 19:50 | Construir | Farm |
| 19:51 | Construir | Farm |
| 20:31 | Encolar | Villager (Male) |
| 20:35 | Construir | Farm |
| 20:43 | Investigar | Wheelbarrow |
| 21:01 | Encolar | Villager (Male) |
| 21:27 | Construir | Watch Tower |
| 21:41 | Investigar | Castle Age |
| 22:46 | Encolar | Scout Cavalry |
| 22:46 | Encolar | Scout Cavalry |
| 22:47 | Encolar | Scout Cavalry |
| 22:48 | Investigar | Scale Barding Armor |
| 23:01 | Construir | Stone Wall |
| 23:13 | Construir | Mining Camp |
| 23:43 | Construir | Stone Wall |
| 23:48 | Construir | Outpost |
| 24:27 | Encolar | Scout Cavalry |
| 24:34 | Encolar | Villager (Male) |
| 24:34 | Encolar | Villager (Male) |
| 24:34 | Encolar | Villager (Male) |
| 24:49 | Edad | Edad de los Castillos |
| 24:54 | Construir | Town Center |
| 24:59 | Investigar | Light Cavalry (upgrade) |
| 25:05 | Construir | Monastery |
| 25:36 | Investigar | Bow Saw |
| 25:38 | Construir | Lumber Camp |
| 25:47 | Construir | Town Center |
| 25:53 | Investigar | Devotion |
| 26:04 | Investigar | Husbandry |
| 26:12 | Construir | House |
| 26:13 | Construir | House |
| 26:13 | Construir | House |
| 26:14 | Construir | House |
| 26:14 | Construir | House |
| 26:34 | Encolar | Villager (Male) |
| 26:34 | Encolar | Villager (Male) |
| 26:35 | Encolar | Villager (Male) |
| 26:35 | Encolar | Villager (Male) |
| 26:36 | Encolar | Villager (Male) |
| 26:44 | Construir | Siege Workshop |
| 27:04 | Encolar | Villager (Male) ×5 |
| 27:21 | Encolar | Iron Pagoda |
| 27:32 | Encolar | Monk |
| 27:58 | Construir | Stone Wall |
| 28:01 | Encolar | Villager (Male) ×5 |
| 28:02 | Encolar | Villager (Male) ×5 |
| 28:13 | Investigar | Chain Barding Armor |
| 28:25 | Encolar | Iron Pagoda |
| 28:44 | Investigar | Chain Barding Armor |
Build order — Banana Latte
Primeras 150 de 397 acciones detectadas
| 0:01 | Encolar | Villager (Male) ×4 |
| 0:02 | Construir | House |
| 0:04 | Construir | House |
| 1:25 | Encolar | Villager (Male) |
| 2:06 | Encolar | Villager (Male) |
| 2:24 | Encolar | Villager (Male) |
| 2:50 | Construir | Barracks |
| 2:53 | Encolar | Villager (Male) |
| 3:11 | Encolar | Villager (Male) |
| 3:32 | Encolar | Militia |
| 3:53 | Construir | House |
| 4:05 | Encolar | Villager (Male) |
| 4:26 | Encolar | Villager (Male) |
| 5:00 | Encolar | Villager (Male) |
| 5:01 | Encolar | Militia |
| 5:26 | Encolar | Villager (Male) |
| 5:49 | Encolar | Militia |
| 5:56 | Construir | House |
| 5:59 | Encolar | Villager (Male) |
| 6:08 | Construir | House |
| 6:10 | Investigar | Loom |
| 6:25 | Encolar | Villager (Male) |
| 6:46 | Encolar | Villager (Male) |
| 6:48 | Encolar | Militia |
| 7:16 | Encolar | Villager (Male) |
| 8:08 | Encolar | Villager (Male) |
| 8:08 | Encolar | Villager (Male) |
| 8:09 | Encolar | Villager (Male) |
| 8:11 | Construir | Mill |
| 8:12 | Encolar | Villager (Male) |
| 9:30 | Construir | House |
| 9:30 | Construir | House |
| 9:33 | Encolar | Villager (Male) |
| 10:11 | Encolar | Villager (Male) |
| 10:22 | Encolar | Villager (Male) |
| 10:28 | Construir | Mill |
| 10:33 | Investigar | Feudal Age |
| 12:48 | Edad | Edad Feudal |
| 12:57 | Encolar | Villager (Male) |
| 13:11 | Construir | Lumber Camp |
| 13:19 | Construir | Stone Wall |
| 13:29 | Construir | Watch Tower |
| 13:43 | Encolar | Villager (Male) |
| 13:43 | Encolar | Villager (Male) |
| 13:55 | Construir | Stone Wall |
| 14:09 | Construir | Stone Wall |
| 14:14 | Construir | Stone Wall |
| 14:36 | Construir | Stone Wall |
| 14:37 | Construir | Stone Wall |
| 14:40 | Encolar | Villager (Male) |
| 14:40 | Encolar | Villager (Male) |
| 15:02 | Construir | Blacksmith |
| 15:09 | Construir | Market |
| 15:12 | Investigar | Double-Bit Axe |
| 15:15 | Encolar | Villager (Male) |
| 15:37 | Construir | Mining Camp |
| 15:41 | Encolar | Villager (Male) |
| 15:55 | Encolar | Villager (Male) |
| 16:28 | Investigar | Castle Age |
| 16:38 | Construir | Mining Camp |
| 17:28 | Encolar | Spearman |
| 17:28 | Encolar | Spearman |
| 17:28 | Encolar | Spearman |
| 17:32 | Construir | Barracks |
| 17:54 | Construir | Farm |
| 17:54 | Construir | Farm |
| 17:54 | Construir | Farm |
| 17:54 | Construir | Farm |
| 17:55 | Construir | Farm |
| 18:23 | Construir | Farm |
| 18:23 | Construir | Farm |
| 18:51 | Encolar | Villager (Male) |
| 19:08 | Edad | Edad de los Castillos |
| 19:13 | Encolar | Villager (Male) |
| 19:28 | Construir | House |
| 19:28 | Construir | House |
| 19:30 | Construir | House |
| 19:49 | Encolar | Villager (Male) |
| 19:54 | Encolar | Spearman |
| 20:05 | Construir | Monastery |
| 20:09 | Encolar | Villager (Male) |
| 20:11 | Construir | Farm |
| 20:24 | Encolar | Villager (Male) |
| 20:35 | Construir | Siege Workshop |
| 20:47 | Encolar | Spearman |
| 20:55 | Construir | Farm |
| 20:57 | Construir | Farm |
| 20:59 | Encolar | Villager (Male) |
| 21:01 | Encolar | Monk |
| 21:02 | Encolar | Monk |
| 21:02 | Encolar | Monk |
| 21:17 | Construir | Farm |
| 21:26 | Encolar | Scorpion |
| 21:39 | Encolar | Villager (Male) |
| 21:39 | Encolar | Villager (Male) |
| 21:50 | Construir | Castle |
| 21:53 | Encolar | Villager (Male) |
| 22:22 | Encolar | Monk |
| 22:31 | Encolar | Villager (Male) |
| 23:01 | Encolar | Monk |
| 23:06 | Encolar | Villager (Male) |
| 23:23 | Encolar | Villager (Male) |
| 23:57 | Encolar | Mangonel |
| 23:59 | Encolar | Villager (Male) |
| 24:06 | Encolar | Villager (Male) |
| 24:26 | Encolar | Villager (Male) |
| 25:03 | Construir | Castle |
| 25:14 | Encolar | Hussite Wagon |
| 25:14 | Encolar | Hussite Wagon |
| 25:23 | Construir | Lumber Camp |
| 25:25 | Encolar | Villager (Male) |
| 25:25 | Encolar | Villager (Male) |
| 25:37 | Construir | Town Center |
| 26:27 | Construir | Mining Camp |
| 26:55 | Construir | Mining Camp |
| 27:15 | Encolar | Villager (Male) |
| 27:47 | Encolar | Villager (Male) |
| 27:53 | Encolar | Villager (Male) |
| 27:53 | Encolar | Villager (Male) |
| 27:53 | Encolar | Villager (Male) |
| 27:54 | Encolar | Villager (Male) |
| 27:54 | Encolar | Villager (Male) |
| 27:54 | Encolar | Villager (Male) |
| 28:06 | Encolar | Hussite Wagon |
| 28:07 | Encolar | Hussite Wagon |
| 28:07 | Encolar | Hussite Wagon |
| 28:48 | Construir | Farm |
| 28:49 | Construir | Farm |
| 28:49 | Encolar | Villager (Male) |
| 29:19 | Construir | Farm |
| 29:19 | Construir | Farm |
| 29:20 | Construir | Farm |
| 29:21 | Encolar | Villager (Male) |
| 29:29 | Encolar | Villager (Male) |
| 29:29 | Encolar | Villager (Male) |
| 29:50 | Construir | Farm |
| 29:56 | Investigar | Bow Saw |
| 30:42 | Construir | Farm |
| 30:42 | Construir | Farm |
| 30:48 | Construir | Castle |
| 31:03 | Construir | Farm |
| 31:10 | Encolar | Villager (Male) |
| 31:11 | Encolar | Villager (Male) |
| 31:11 | Encolar | Villager (Male) |
| 31:11 | Encolar | Villager (Male) |
| 31:11 | Encolar | Villager (Male) |
| 31:30 | Encolar | Mangonel |
| 31:30 | Encolar | Mangonel |
| 31:37 | Encolar | Villager (Male) |
| 31:38 | Encolar | Villager (Male) |
Cronología de la partida
| 2:50 | Banana Latte · first_building Barracks |
| 3:19 | Joltzjoltz · wall_segment Palisade Wall x7 |
| 5:57 | Joltzjoltz · wall_segment Palisade Wall x10 |
| 6:44 | Joltzjoltz · wall_segment Palisade Wall x1 |
| 10:25 | Joltzjoltz · age_up feudal |
| 11:24 | Joltzjoltz · wall_segment Palisade Wall x1 |
| 11:25 | Joltzjoltz · wall_segment Palisade Wall x1 |
| 11:27 | Joltzjoltz · wall_segment Palisade Wall x1 |
| 11:28 | Joltzjoltz · wall_segment Palisade Wall x1 |
| 12:14 | Joltzjoltz · first_building Barracks |
| 12:48 | Banana Latte · age_up feudal |
| 13:19 | Banana Latte · wall_segment Stone Wall x9 |
| 13:37 | Joltzjoltz · first_building Stable |
| 13:55 | Banana Latte · wall_segment Stone Wall x11 |
| 14:09 | Banana Latte · wall_segment Stone Wall x5 |
| 14:14 | Banana Latte · wall_segment Stone Wall x6 |
| 14:36 | Banana Latte · wall_segment Stone Wall x8 |
| 14:37 | Banana Latte · wall_segment Stone Wall x4 |
| 15:46 | Banana Latte · first_market_sell 100 food |
| 18:50 | Banana Latte · first_market_buy 100 food |
| 19:08 | Banana Latte · age_up castle |
| 20:05 | Banana Latte · first_building Monastery |
| 20:35 | Banana Latte · first_building Siege Workshop |
| 21:50 | Banana Latte · first_building Castle |
| 23:01 | Joltzjoltz · wall_segment Stone Wall x7 |
| 23:38 | Joltzjoltz · first_market_sell 100 food |
| 23:39 | Joltzjoltz · first_market_buy 100 stone |
| 23:43 | Joltzjoltz · wall_segment Stone Wall x7 |
| 24:49 | Joltzjoltz · age_up castle |
| 25:05 | Joltzjoltz · first_building Monastery |
| 26:44 | Joltzjoltz · first_building Siege Workshop |
| 27:58 | Joltzjoltz · wall_segment Stone Wall x10 |
| 29:44 | Joltzjoltz · wall_segment Stone Wall x1 |
| 30:41 | Joltzjoltz · first_building Castle |
| 37:02 | Banana Latte · age_up imperial |
| 38:14 | Joltzjoltz · wall_segment Stone Wall x11 |
| 38:22 | Joltzjoltz · wall_segment Stone Wall x1 |
| 41:09 | Joltzjoltz · age_up imperial |
| 44:32 | Banana Latte · wall_segment Stone Wall x12 |
| 45:38 | Joltzjoltz · wall_segment Stone Wall x1 |
| 47:29 | Banana Latte · wall_segment Palisade Wall x3 |
| 51:55 | Banana Latte · resign |
[ ANÁLISIS IA · 1 CRÉDITO ]
¿Qué pasó realmente en esta partida?
Wolo.gg analiza cada decisión: build order, eco, micro, errores típicos por bracket. Análisis personalizado por WhatsApp o Discord en 30 segundos.
Guía civ
Yurchen
Perfil
Jugador #23544726